 Dungeon Crawl Stone Soup version 0.30.0-5-g1a98f26d00 (webtiles) character file.

Game seed: 821843303853101021

455 dialectric the Covered (level 6, -3/72 HPs)
             Began as a Demonspawn Fighter on May 9, 2023.
             Was a Follower of Trog.
             Succumbed to an orc wizard's poison
             ... on level 5 of the Dungeon.
             The game lasted 00:04:29 (3181 turns).

dialectric the Covered (Demonspawn Fighter)         Turns: 3181, Time: 00:04:30

Health: -3/72      AC: 23    Str: 18    XL:     6   Next: 76%
Magic:  6/6        EV:  2    Int: 10    God:    Trog [*.....]
Gold:   188        SH:  0    Dex: 14    Spells: 5/5 levels left

rFire   . . .        A - +2 dagger "Raen" {flame, Dex+2}
rCold   . . .        (no shield)
rNeg    . . .        b - melded +0 scale mail
rPois   +            g - melded +0 helmet
rElec   .            (cloak currently unavailable)
rCorr   .            (gloves currently unavailable)
SInv    .            (boots unavailable)
Will    .....        (no amulet)
Stlth   +            (no ring)
HPRegen 0.32/turn    (no ring)
MPRegen 0.10/turn

%: no passive effects
@: lethally poisoned (-3 -> -19), tree-form, on berserk cooldown, slowed, very
slow
A: stationary, stasis, torment immunity, boosted hp, (hooves 3), (large bone
plates 1)
a: Renounce Religion, Berserk


You were on level 5 of the Dungeon.
You worshipped Trog.
Trog was aware of your devotion.
You were a tree.
You visited 1 branch of the dungeon, and saw 5 of its levels.
You also visited: Sewer.

You collected 188 gold pieces.

Inventory:

Hand Weapons
 a - a +0 long sword
 p - a +0 rapier
 x - a +0 morningstar
 A - the +2 dagger "Raen" (weapon) {flame, Dex+2}
   (You found it on level 4 of the Dungeon)

   Dex:       It affects your dexterity (+2).
Missiles
 k - 2 javelins (quivered)
 y - 5 poisoned darts
Armour
 b - a +0 scale mail (melded)
 c - a +0 buckler
 g - a +0 helmet (melded)
 r - a +1 hat
Jewellery
 B - a ring of magical power
Wands
 C - a wand of paralysis (10)
 G - a wand of flame (19)
Scrolls
 i - 2 scrolls of fog {unknown}
 m - 4 scrolls of teleportation
 n - 3 scrolls of identify {unknown}
 q - 2 scrolls of blinking {unknown}
 t - a scroll of fear {unknown}
 D - 2 scrolls of enchant armour {unknown}
 E - 2 scrolls of enchant weapon {unknown}
 F - a scroll of brand weapon {unknown}
Potions
 d - a potion of might
 e - 3 potions of heal wounds {unknown}
 f - 3 potions of brilliance {unknown}
 h - 2 potions of lignification
 j - a potion of degeneration {unknown}
 l - 2 potions of berserk rage {unknown}
 o - 3 potions of magic {unknown}
 s - 3 potions of curing {unknown}
 u - a potion of attraction {unknown}
 v - a potion of mutation {unknown}
 w - a potion of invisibility {unknown}
 z - 2 potions of resistance {unknown}


   Skills:
 * Level 3.9 Fighting
 + Level 3.2(3.7) Short Blades
 + Level 2.7(3.4) Long Blades
 + Level 4.5 Armour
 - Level 2.1 Dodging
 - Level 2.6 Shields


You had 5 spell levels left.
You didn't know any spells.
Your spell library contained the following spells:

 Spells                   Type           Power      Damage    Failure   Level
 Kiss of Death            Conj/Necr      0%         2d5       36%         1
 Summon Small Mammal      Summ           0%         N/A       36%         1
 Call Canine Familiar     Summ           0%         N/A       75%         3
 Confusing Touch          Hex            0%         N/A       75%         3
 Dispel Undead            Necr           0%         3d6       98%         4
 Spellforged Servitor     Conj/Summ      0%         N/A       100%        7
 Dragon's Call            Summ           0%         N/A       100%        9


Dungeon Overview and Level Annotations

Branches:
Dungeon (5/15)              Sewer (visited)
 Temple: D:4-7

Altars:
Ashenzari
Kikubaaqudgha
Trog
Wu Jian

Shops:
D:1 [   D:2 =

Annotations:
D:5 3 runed translucent doors


Innate Abilities, Weirdness & Mutations

You are a tree.
Your roots penetrate the ground, keeping you stationary.
You cannot be teleported.
You are immune to unholy pain and torment.
Your maximum health is greatly increased.
Your equipment is partially melded.
((You have hooves in place of feet.))
((You are partially covered in large bone plates. (SH +4)))


Message History

Trog accepts your kill.
You feel very sick.
You puncture something! You burn something. Your kick misses something.
You feel sick. Something hits you but does no damage.
You are more poisoned.
You barely miss something.
You feel very sick.
You barely miss something. Your kick misses something.
You feel sick. Something hits you but does no damage.
You are lethally poisoned!
You miss something. Your kick misses something.
* * * LOW HITPOINT WARNING * * *
You feel sick.
You miss something.
* * * LOW HITPOINT WARNING * * *
You feel very sick. Something hits you but does no damage.
You are more poisoned.
You puncture something! You burn something. Trog accepts your kill.
Trog appreciates your killing of a magic user.
Reactivating autopickup.
You feel a bit more experienced.
* * * LOW HITPOINT WARNING * * *
You feel very sick.
Unknown command.
* * * LOW HITPOINT WARNING * * *
You feel very sick.
You feel a strong urge to attack something.
You are no longer berserk.
You are exhausted.
You feel yourself slow down.
* * * LOW HITPOINT WARNING * * *
You feel very sick.
Items here: ))) [[ †††.
It was a potion of lignification.
You turn into a tree.
Your +0 helmet melds into your body.
Your +0 scale mail melds into your body.
Your roots penetrate the ground.
You die...

....# #.......# . ###
#...# #.......# . #.#
#...# ##....... ..## ...#
#........
...###########..#
#.........
..........#.....#
....#####.#.##..#
....###....(.#.)#########
#+#.....#.####.)♣........
#.#######.#....##########
#...>.....#.#### ######.#
........###.######...##.#
........# #......'...'..#
##8.....##########...####
.#.............. #.###
.#......######## #..#
.#......# ##.##


There were no monsters in sight!

Vanquished Creatures
  Pargi (Sewer)
  An ogre (D:4)
  A scorpion (D:5)
  An orc priest (D:5)
  2 iguanas
  An orc wizard (D:5)
  2 adders
  A worm (D:2)
  3 dart slugs
  4 orcs
  7 endoplasms
  4 giant cockroaches
  5 goblins
  11 hobgoblins
  2 jackals (D:1)
  6 quokkas
  6 ball pythons
  4 bats (D:1)
  13 frilled lizards
  9 kobolds
  2 rats (D:2)
86 creatures vanquished.

Notes
Turn   | Place    | Note
-------+----------+-------------------------------------------
     0 | D:1      | dialectric the Demonspawn Fighter began the quest for the
                  | Orb.
     0 | D:1      | Reached XP level 1. HP: 18/18 MP: 1/1
   274 | D:1      | Reached skill level 3 in Armour
   287 | D:1      | Gained mutation: You have large cloven feet. [demonic
                  | ancestry]
   287 | D:1      | Reached XP level 2. HP: 23/24 MP: 2/2
   400 | D:1      | Found Huniw's Antique Armour Boutique.
   664 | D:1      | Reached XP level 3. HP: 29/29 MP: 3/3
   894 | D:2      | Found Vouch's Jewellery Emporium.
  1557 | D:2      | Gained mutation: You are partially covered in large bone
                  | plates. (SH +4) [demonic ancestry]
  1557 | D:2      | Reached XP level 4. HP: 32/35 MP: 4/4
  1700 | D:3      | Got the Anthology of the Retinue
  1726 | D:3      | Found an ornate altar of the Wu Jian Council.
  1890 | D:3      | Found an ancient bone altar of Kikubaaqudgha.
  2122 | D:3      | Found a faded altar of an unknown god.
  2137 | D:3      | Found a faded altar of an unknown god.
  2150 | D:3      | Prayed at the altar of an unknown god.
  2150 | D:3      | Became a worshipper of Trog the Wrathful
  2150 | D:3      | Reached * piety under Trog
  2183 | D:4      | Noticed an ogre
  2213 | D:4      | Reached skill level 1 in Short Blades
  2220 | D:4      | Found a broken altar of Ashenzari.
  2350 | D:4      | Killed an ogre
  2351 | D:4      | Reached skill level 1 in Dodging
  2351 | D:4      | Gained mutation: You have hoof-like feet. [demonic
                  | ancestry]
  2351 | D:4      | Reached XP level 5. HP: 29/41 MP: 5/5
  2435 | D:4      | Identified the +2 dagger "Raen" {flame, Dex+2}
  2686 | D:4      | Found a glowing drain.
  2691 | Sewer    | Entered a sewer
  2706 | Sewer    | Noticed Pargi
  2715 | Sewer    | Killed Pargi
  2716 | Sewer    | Reached skill level 4 in Armour
  2716 | Sewer    | Gained mutation: You have hooves in place of feet. [demonic
                  | ancestry]
  2716 | Sewer    | Reached XP level 6. HP: 48/48 MP: 6/6
  2924 | D:5      | Entered Level 5 of the Dungeon
  3035 | D:5      | Found a runed translucent gate.
  3036 | D:5      | Found a runed translucent gate.
  3037 | D:5      | Found a runed translucent gate.
  3180 | D:5      | HP: 2/48 [poisoned by an orc wizard]
  3181 | D:5      | Succumbed to an orc wizard's poison

Illustrated notes

Levels and vault maps discovered:
D:1:      pf_arrival_petrified_forest, layout_basic, serial_shops, shop
D:2:      layout_basic, serial_forest, infiniplex_forest_clump_curved,
          infiniplex_forest_straight_4, infiniplex_forest_side_room,
          infiniplex_forest_clump_long, infiniplex_forest_lined_2, serial_shops,
          shop, st_stairs_13, corexii_corridor_pit, minmay_lizard_king
D:3:      layout_rooms, kiku_gazebo_garden_becter, mainiacjoe_overflow_24_doors,
          lemuel_doored_altar, hellmonk_ecumenical_altar_the_god_not_taken,
          grunt_decor_arrowhead
D:4:      layout_rooms, ashenzari_conservatory_becter, gup_sewer_entry_bowl
D:5:      layout_basic, minmay_temple_entry_glassed_door,
          biasface_ghost_orc_armoury, amcnicky_mini_pool_small,
          minmay_manual_monstrance

Skill      XL: |  1  2  3  4  5  6 |
---------------+-------------------+-----
Armour         | 3 4 |  4.5
Long Blades    | 2 |  2.7
Short Blades   | 2 3 |  3.2
Dodging        | 1 2 |  2.1
Fighting       | |  3.9
Shields        | |  2.6

Action                     |  1- 3 |  4- 6 || total
---------------------------+-------+-------++-------
  Melee: Long sword        |    54 |       ||    54
         Punch             |     1 |     1 ||     2
         Kick              |    24 |    28 ||    52
         Rapier            |    66 |    59 ||   125
         Dagger            |       |    63 ||    63
 Invoke: Berserk           |       |     4 ||     4
    Use: Scroll            |       |     1 ||     1
         Potion            |       |     1 ||     1
 Armour: Scale mail        |    55 |    44 ||    99
  Dodge: Dodged            |    54 |    48 ||   102
  Block: Other             |       |    26 ||    26
